 Dungeon Crawl Stone Soup version 0.30-a0-140-gd1020e658a (webtiles) character file.

Game seed: 2156434447442395959

80 Monkooky the Twirler (level 4, -2/38 HPs)
             Began as a Barachi Wanderer on Sept 24, 2022.
             Slain by a gnoll
             ... wielding a +0 whip
              (6 damage)
             ... on level 2 of the Dungeon.
             The game lasted 00:02:22 (1870 turns).

Monkooky the Twirler (Barachi Wanderer)             Turns: 1870, Time: 00:02:23

Health: -2/38      AC:  4    Str: 16    XL:     4   Next: 39%
Magic:  5/5        EV: 11    Int: 10    God:
Gold:   55         SH:  0    Dex: 13    Spells: 4/5 levels left

rFire   . . .      SeeInvis .    a - +2 quarterstaff
rCold   . . .      Faith    .    (shield currently unavailable)
rNeg    . . .      Spirit   .    d - +0 leather armour
rPois   .          Reflect  .    (no helmet)
rElec   .          Harm     .    (no cloak)
rCorr   .          Rampage  .    b - +0 pair of gloves
Will    .....                    (no boots)
Stlth   ++........               (no amulet)
HPRegen 0.12/turn                (no ring)
MPRegen 0.09/turn                (no ring)

@: unable to hop, invisible, slow
A: amphibious, slowness 1, strong legs 1, +LOS
a: Hop


You were on level 2 of the Dungeon.
You visited 1 branch of the dungeon, and saw 2 of its levels.

You collected 55 gold pieces.

Inventory:

Hand Weapons
 a - a +2 quarterstaff (weapon)
Armour
 b - a +0 pair of gloves (worn)
 d - a +0 leather armour (worn)
Scrolls
 f - a scroll of immolation {unknown}
 g - a scroll of enchant weapon {unknown}
 h - a scroll of poison {unknown}
 i - a scroll of teleportation {unknown}
 j - a scroll of identify {unknown}
Potions
 e - 2 potions of brilliance {unknown}
 k - a potion of berserk rage {unknown}
 l - a potion of flight {unknown}


   Skills:
 + Level 4.3 Fighting
 + Level 4.9 Staves
 - Level 1.0 Throwing
 - Level 1.7 Stealth
 - Level 1.1 Spellcasting
 - Level 1.1 Transmutations


You had 4 spell levels left.
You knew the following spells:

 Your Spells              Type           Power      Damage    Failure   Level
a - Sting                 Tmut/Pois      4%         1d3       34%         1

Your spell library contained the following spells:

 Spells                   Type           Power      Damage    Failure   Level
 Ignite Poison            Fire/Tmut/Pois 1%         N/A       73%         3
 Kindle Blastsparks       Fire/Tloc/Air  0%         2d10      77%         3
 Fulminant Prism          Conj/Hex       0%         3d6       99%         4
 Iskenderun's Mystic Bla  Conj/Tloc      0%         2d3       99%         4
 Lee's Rapid Deconstruct  Erth           0%         3d5*      100%        5


Dungeon Overview and Level Annotations

Branches:
Dungeon (2/15)

Altars:


Innate Abilities, Weirdness & Mutations

You are amphibious.
You cover ground slowly.
You can hop short distances.
You have an extended range of vision and can be seen from far away.


Message History

You are too injured to fight recklessly!
Unknown command.
Hop to where?
Press: ? - help, Dir - move target Boing!
A goblin comes into view. It is wielding a +0 dagger.
The goblin moves out of view.
Aiming: Sting (safe; 34% risk of failure)
Press: ? - help, Q - select action, (/) - cycle Shift-Dir - straight line, f - adder
Aim: an adder (43% to hit)
The sting misses the adder.
Unknown command.
You sock the adder!
The adder is almost dead.
The adder bites you but does no damage.
Unknown command.
You sock the adder!
You kill the adder!
The gnoll barely misses you. The gnoll hits you with a +0 club.
Unknown command.
The gnoll attacks as you move away! The gnoll hits you but does no damage.
The gnoll attacks as you move away! The gnoll hits you with a +0 whip!
* * * LOW HITPOINT WARNING * * *
The gnoll attacks as you move away! The gnoll hits you with a +0 club.
* * * LOW HITPOINT WARNING * * *
Unknown command.
The gnoll attacks as you move away! The gnoll barely misses you.
The gnoll hits you with a +0 whip.
* * * LOW HITPOINT WARNING * * *
Unknown command.
You aren't carrying any items that you can evoke.
Okay, then.
You fade into invisibility!
The gnoll barely misses you. The gnoll hits you but does no damage.
The goblin shouts!
The gnoll closely misses you.
There is a stone staircase leading up here.
The gnoll hits you with a +0 whip.
You die...

...........#...........##.##.....
..g........#...........##.##.....
.............................>...
....##......#....................
...#........g.#..................
##.#.#.....#..#.#..............#
........####..#.#.......###.#.###
.#.#.##.# #.g#.#รท...#.## #......
.#.#.##.####..Jg@#.#.#.# #.#.###
...#.##....#..#.##...#.####.#.#
####.#####.##.#.######....#.#.#
.....# #....#.# #.##.#...#
###############.## ####.....#
.................# ########.#
###############..# #........#
#..#####.##.###.# #........##.#
#.#


You could see 2 gnolls and an endoplasm.

Vanquished Creatures
  2 adders (D:2)
  3 dart slugs
  A worm (D:2)
  5 endoplasms
  5 giant cockroaches
  4 goblins
  7 hobgoblins
  3 jackals (D:2)
  2 ball pythons (D:1)
  7 bats
  2 frilled lizards (D:1)
  7 kobolds
  2 rats (D:1)
50 creatures vanquished.

Notes
Turn   | Place    | Note
-------+----------+-------------------------------------------
     0 | D:1      | Monkooky the Barachi Wanderer began the quest for the Orb.
     0 | D:1      | Monkooky set off with the following items: a +2
                  | quarterstaff, a +0 pair of gloves, a potion of
                  | invisibility, a +0 leather armour; and the following spell
                  | memorised: Sting; and the following spells available to
                  | memorise: Ignite Poison.
     0 | D:1      | Reached XP level 1. HP: 15/15 MP: 2/2
    79 | D:1      | Reached XP level 2. HP: 16/23 MP: 3/3
   587 | D:1      | Reached XP level 3. HP: 7/29 MP: 2/4
  1669 | D:2      | Reached XP level 4. HP: 37/37 MP: 5/5
  1852 | D:2      | HP: 1/38 [gnoll/+0 whip (6)]
  1870 | D:2      | Slain by a gnoll

Illustrated notes

Levels and vault maps discovered:
D:1:      dpeg_arrival_prison, layout_loops_corners
D:2:      layout_basic

Skill      XL: |  1  2  3 |
---------------+----------+-----
Fighting       | 2 3 4 |  4.3
Staves         | |  4.9
Throwing       | |  1.0
Stealth        | |  1.7
Spellcasting   | |  1.1
Transmutations | |  1.1

Action                   |  1- 3 |  4- 6 || total
-------------------------+-------+-------++-------
Melee: Quarterstaff      |    98 |    25 ||   123
 Cast: Sting             |       |     1 ||     1
 Abil: Hop               |       |     1 ||     1
  Use: Potion            |       |     1 ||     1
 Stab: Sleeping          |     2 |       ||     2
Armor: Leather armour    |    51 |     8 ||    59
Dodge: Dodged            |    60 |    23 ||    83

Table legend: (Time is in decaauts)
 A = Elapsed time spent in this place.
 B = Non-inter-level travel time spent in this place.
 C = Inter-level travel time spent in this place.
 D = Time resting spent in this place.
 E = Time spent auto-exploring this place.
 F = Levels seen in this place.
 G = Mean time per level.
                   A        B        C        D        E       F      G
               +--------+--------+--------+--------+--------+-----+--------+
         Total |   2112 |   2086 |     26 |      0 |   1774 |   2 | 1056.0 |
       Dungeon |   2112 |   2086 |     26 |      0 |   1774 |   2 | 1056.0 |
               +--------+--------+--------+--------+--------+-----+--------+

Top non-repeatable levels by time:
     D:1: 1723 daAuts
     D:2: 388 daAuts
